[Event "*** Titled Tuesday Blitz"]
[Site "Chess.com"]
[Date "2018.04.03"]
[Round "9"]
[White "EmeseBalogh"]
[Black "PowerThinking2650"]
[Result "0-1"]
[WhiteElo "1957"]
[BlackElo "2218"]
[TimeControl "180+2"]
[EndTime "14:58:24 PDT"]
[Termination "PowerThinking2650 won by resignation"]

1. e4 e5 2. Nf3 Nc6 3. d4 exd4 4. Bc4 Nf6 5. e5 d5 6. Bb5 Ne4 7. Nxd4 Bc5 8. Be3 Bd7 9. Bxc6 bxc6 10. O-O Qe7 11. f3 Nd6 12. f4 Bxd4 13. Bxd4 Nf5 14. Bf2 h5 15. c4 dxc4 16. Nc3 Be6 17. Ne4 Bd5 18. Bc5 Qe6 19. Ng5 Qg6 20. Qe2 h4 21. Rad1 O-O-O 22. b3 cxb3 23. Qa6+ Kd7 24. axb3 Rh5 25.
b4 Rxg5 26. fxg5 Qxg5 27. Rxd5+ cxd5 28. Qb5+ Kc8 29. Bxa7 h3 30. Qa6+ Kd7 31. Qb5+ Ke6 32. Qc6+ Nd6 33. g3 Qxe5 34. Bc5 Qe4 35. Kf2 Qg2+ 36. Ke3 d4+ 0-1

[Event "*** Titled Tuesday Blitz"]
[Site "Chess.com"]
[Date "2018.04.03"]
[Round "9"]
[White "nubair1198"]
[Black "dimke2802"]
[Result "1-0"]
[WhiteElo "2570"]
[BlackElo "2335"]
[TimeControl "180+2"]
[EndTime "14:58:26 PDT"]
[Termination "nubair1198 won by checkmate"]

1. d4 Nf6 2. c4 g6 3. Nc3 Bg7 4.
e4 d6 5. Nf3 O-O 6. Be2 e5 7.
O-O Nc6 8. d5 Ne7 9. b4 a5 10.
bxa5 c5 11. a4 Rxa5 12. Ra3 Nd7 13. Nb5 Ra6 14. Qc2 f5 15. Ng5 Nf6 16. Rd1 h6 17. Ne6 Bxe6 18. dxe6 fxe4 19. Rh3 Nf5 20. g4 Nd4 21.
Nxd4 exd4 22. Bxh6 Ra8 23. g5 Nh7 24. Qxe4 Nxg5 25.
Bxg5 Qxg5+ 26. Rg3 Qf4 27. Qxf4 Rxf4 28. Rb1 Re8 29. Rxg6 Kh7 30. Bd3 Kh8 31. Rxb7 Rf3 32. Rgxg7 Rxd3 33. Rh7+ Kg8 34. Rbg7+ Kf8 35. e7+ Rxe7 36.
Rxe7 Rd1+ 37. Kg2 d3 38. Rb7 d2 39. Rb8# 1-0

[Event "*** Titled Tuesday Blitz"]
[Site "Chess.com"]
[Date "2018.04.03"]
[Round "9"]
[White "ruvat"]
[Black "volodja49"]
[Result "1-0"]
[WhiteElo "2293"]
[BlackElo "2388"]
[TimeControl "180+2"]
[EndTime "14:58:33 PDT"]
[Termination "ruvat won on time"]

1. d4 d5 2. c4 e6 3. Nf3 Nf6 4. g3 dxc4 5. Bg2 b5 6. a4 c6 7.
O-O Bb7 8. Ne5 a6 9. b3 cxb3 10.
Bb2 Bd6 11. Qxb3 Qe7 12. Nd2 O-O 13. Rfc1 Bxe5 14. dxe5 Nd5 15. Ne4 Nd7 16. Nd6 Rab8 17. e4 N5b6 18. Nxb7 Rxb7 19. Rxc6 Nc5 20. Qb4 Nbxa4 21.
Ba3 Rc7 22. Rxa6 Nxa6 23. Qxe7 Rxe7 24. Bxe7 Rc8 25. Bf1 Nc3 26. Rxa6 Nxe4 27. Rb6 Nc3 28. Bxb5 h6 29. Bd3 Nd5 30. Rb7 1-0

[Event "*** Titled Tuesday Blitz"]
[Site "Chess.com"]
[Date "2018.04.03"]
[Round "9"]
[White "GMHess"]
[Black "Hikaru"]
[Result "1/2-1/2"]
[WhiteElo "2566"]
[BlackElo "2981"]
[TimeControl "180+2"]
[EndTime "14:58:55 PDT"]
[Termination "Game drawn by agreement"]

1. d4 Nf6 2. c4 e6 3. Nc3 Bb4 4. Qc2 O-O 5. a3 Bxc3+ 6. Qxc3 d5 7. Nf3 dxc4 8. Qxc4 b6 9. Bg5 Ba6 10. Bxf6 Qxf6 11.
Qxc7 Rc8 12. Qe5 Qg6 13. Qg5 Qc2 14. Qd2 Qb3 15. Qb4 Qc2 16. Qd2 Qf5 17. g4 Qc2 18.
Bg2 Nd7 19. Rd1 Qb3 20. Qb4 Qxb4+ 21. axb4 Rc2 22. O-O Bxe2 23. Rc1 Rac8 24. Rxc2 Rxc2 25. Rb1 h6 26. h3 Bxf3 27. Bxf3 Nf6 28. b5 g5 29. Kg2 Rd2 30. Ra1 Rxb2 31. Bc6 Nd5 32. Bxd5 exd5 33. Rxa7 Rxb5 34. Rd7 Kg7 35. Kg3 Kf8 36. f3 f6 37. h4 Ke8 38. Rh7 gxh4+ 39. Kf4 Rb4 40. Kf5 Rxd4 41. Rxh6 b5 42. Ke6 Kf8 43.
Rxf6+ Kg7 44. Rf7+ Kg6 45. Rf6+ Kg7 46. Rf5 b4 47. Rg5+ Kf8 48. Rf5+ Ke8 49. Rh5 Kd8 50. Rxh4 b3 51. Kd6 Kc8 52. Rh1 1/2-1/2

[Event "*** Titled Tuesday Blitz"]
[Site "Chess.com"]
[Date "2018.04.03"]
[Round "9"]
[White "dianosky"]
[Black "BartoszSocko"]
[Result "0-1"]
[WhiteElo "2304"]
[BlackElo "2568"]
[TimeControl "180+2"]
[EndTime "14:58:55 PDT"]
[Termination "BartoszSocko won by resignation"]

1. d4 e6 2. c4 Nf6 3. Nf3 Bb4+ 4.
Bd2 c5 5. dxc5 Bxc5 6. Nc3 O-O 7. e3 d5 8. a3 Nc6 9. b4 Bb6 10. c5 Bc7 11. Bd3 e5 12. Bb5 e4 13. Nd4 Bg4 14. Qb3 Ne5 15. h3 Bh5 16. g4 Bg6 17. g5 Nh5 18. Nxd5 a5 19. Bc3 axb4 20. axb4 Rxa1+ 21. Bxa1 Nd3+ 22. Bxd3 exd3 23. Nb5 Bb8 24. Rg1 Re8 25. Kd2 Qd7 26. Qc4 Qxh3 27. Nd6 Qh2 28. Nxe8 Qxf2+ 29. Kc3 Qxg1 30. Ne7+ Kf8 31. Nxg6+ hxg6 32. Nd6 Qxa1+ 33. Kxd3 Qf1+ 34. Kc3 Qxc4+ 35. Kxc4 Bxd6 36. cxd6 Ke8 37. Kc5 Kd7 38. Kb6 Ng3 39. Kxb7 Nf5 40. b5 Nxe3 41. b6 Nc4 42. Ka7 Nxb6 43. Kxb6 Kxd6 0-1

[Event "*** Titled Tuesday Blitz"]
[Site "Chess.com"]
[Date "2018.04.03"]
[Round "9"]
[White "amatatanav"]
[Black "Kislov_Oleg"]
[Result "0-1"]
[WhiteElo "2375"]
[BlackElo "2277"]
[TimeControl "180+2"]
[EndTime "14:58:55 PDT"]
[Termination "Kislov_Oleg won on time"]

1. e4 e6 2. d4 d5 3. Nc3 Nf6 4. Bg5 dxe4 5. Nxe4 Be7 6. Bxf6 gxf6 7. Nf3 b6 8. Bd3 Bb7 9. Qd2 c6 10. O-O-O Qc7 11. Qh6 Nd7 12. Qg7 Rf8 13. Qxh7 Qf4+ 14. Kb1 O-O-O 15. Rhe1 f5 16. Ng3 Nf6 17. Qh4 Qxh4 18.
Nxh4 Bd6 19. Nf3 Ng4 20. Nxf5 Bf4 21. Re2 Kc7 22. Ng3 Rh8 23. Re4 Nxf2 24. Rxf4 Nxd1 25. Rxf7+ Kb8 26. Nf1 Nf2 27. Bc4 e5 28. Nxe5 Rxd4 29. c3 Rd1+ 30. Kc2 Re1 31. Ng6 Rh6 32. Ne7 Ne4 33. Bd3 Nd6 34. Rf8+ Kc7 35. Nd2 c5 36. Nf5 Nxf5 37. Rxf5 Rxh2 38. Rf7+ Kb8 39. Rf8+ Kc7 40. Rf7+ Kc6 41. Be4+ Rxe4 42. Nxe4 Rxg2+ 43. Rf2 Kc7 0-1

[Event "*** Titled Tuesday Blitz"]
[Site "Chess.com"]
[Date "2018.04.03"]
[Round "9"]
[White "Zufi1811"]
[Black "Firouzja2003"]
[Result "0-1"]
[WhiteElo "2461"]
[BlackElo "2735"]
[TimeControl "180+2"]
[EndTime "14:58:59 PDT"]
[Termination "Firouzja2003 won by resignation"]

1. e4 c6 2. d4 d5 3. e5 Bf5 4.
Nf3 e6 5. Be2 Ne7 6. O-O h6 7.
Nbd2 Nd7 8. Nb3 g5 9. Ne1 Qc7 10. Be3 Bg7 11. Bd3 b6 12. g4 Bxd3 13. cxd3 Ng6 14. Rc1 f6 15. exf6 Bxf6 16. Ng2 Rf8 17.
f4 O-O-O 18. a4 Kb7 19. Qd2 gxf4 20. Nxf4 Nxf4 21. Bxf4 e5 22. dxe5 Bxe5 23. Bxh6 Rg8 24. h3 Rg6 25. d4 Rh8 26. Bg5 Rxh3 27. dxe5 Qxe5 28. Rf5 Qg3+ 29. Qg2 Qxb3 30. Re1 Rg3 31. Re7 Rxg2+ 32. Kxg2 Rg7 33. Rxg7 Qxb2+ 34. Kg3 Qxg7 35. Bf4 Nf6 36. g5 Nh5+ 37. Kg4 Nxf4 38. Kxf4 Ka6 39. Rf6 c5 40. Kf5 d4 41. g6 Qd7+ 42. Kg5 d3 43. Rf7 Qd5+ 44. Kf6 d2 0-1

[Event "*** Titled Tuesday Blitz"]
[Site "Chess.com"]
[Date "2018.04.03"]
[Round "9"]
[White "DACF2905"]
[Black "Generalas"]
[Result "0-1"]
[WhiteElo "2048"]
[BlackElo "2184"]
[TimeControl "180+2"]
[EndTime "14:59:06 PDT"]
[Termination "Generalas won by resignation"]

1. e4 e5 2. Nf3 Nc6 3. Bb5 a6 4. Ba4 Nf6 5. d3 b5 6. Bb3 Be7 7. O-O O-O 8. c3 d6 9. Re1 Na5 10. Bc2 c5 11. Nbd2 Qc7 12. Nf1 g6 13. h3 Re8 14.
Ne3 Bf8 15. Bd2 Bg7 16. Qe2 h6 17. a4 Bd7 18. Nh2 Kh7 19. Nhg4 Nh5 20. Nd5 Qd8 21.
g3 Be6 22. Qf3 Bxd5 23. exd5 f5 24. Nh2 Nf6 25. b4 cxb4 26. cxb4 Nb7 27. Bb3 e4 28.
Qf4 exd3 29. Rxe8 Qxe8 30. Re1 Qd7 31. a5 Re8 32. Re6 Nxd5 33. Bxd5 Rxe6 34. Bxe6 Qxe6 35. g4 Qe5 36. gxf5 gxf5 37. Qf3 Qe4 38. Kg2 d5 39. Nf1 Nd6 40. Ng3 Qxf3+ 41. Kxf3 Ne4 42. Nxe4 dxe4+ 43. Kf4 Kg6 44. f3 Bf6 45. fxe4 Bg5+ 46. Ke5 Bxd2 47.
exf5+ Kg5 48. h4+ Kxh4 49. Ke4 Bxb4 50. Kxd3 Kg5 0-1

[Event "*** Titled Tuesday Blitz"]
[Site "Chess.com"]
[Date "2018.04.03"]
[Round "9"]
[White "XDPS"]
[Black "ShimanovAlex"]
[Result "0-1"]
[WhiteElo "2605"]
[BlackElo "2724"]
[TimeControl "180+2"]
[EndTime "14:59:07 PDT"]
[Termination "ShimanovAlex won by resignation"]

1. d4 Nf6 2. Nf3 e6 3. e3 b6 4. Bd3 Bb7 5. O-O g6 6. c4 Bg7 7. Nc3 O-O 8. e4 d6 9. Re1 Nbd7 10. h3 e5 11. d5 Nh5 12. Be3 Nc5 13. Bf1 a5 14. a3 Bc8 15. b4 Na6 16. Qb3 f5 17. c5 f4 18. Bd2 bxc5 19. Bxa6 Bxa6 20. bxc5 Nf6 21. Ng5 Nd7 22. Ne6 Nxc5 23. Nxc5 dxc5 24. f3 Bd3 25. Na4 c4 26. Qc3 c6 27. dxc6 Qd4+ 28. Kh1 Rfc8 29. Qxd4 exd4 30. Nb6 Be5 31. Nd7 Bg7 32. Nb6 g5 33. Nxc8 Rxc8 34. Bxa5 Rxc6 35. e5 Kf7 36. Rad1 Ke6 37. Bd8 h6 38. Rd2 Bf8 39. Ra1 Ra6 40. Rb2 c3 41. Rb6+ Rxb6 42. Bxb6 Kxe5 43. a4 Ba6 44. Ba5 Kd5 45. h4 Bg7 46.
hxg5 hxg5 47. Rc1 Kc4 48. Bd8 d3 49. Bxg5 d2 50. Rg1 Bd4 51. Rf1 c2 52. Bxf4 d1=Q 0-1

[Event "*** Titled Tuesday Blitz"]
[Site "Chess.com"]
[Date "2018.04.03"]
[Round "9"]
[White "LastHeroJr"]
[Black "ahmadzada13"]
[Result "0-1"]
[WhiteElo "2437"]
[BlackElo "2591"]
[TimeControl "180+2"]
[EndTime "14:59:08 PDT"]
[Termination "ahmadzada13 won on time"]

1. e4 c5 2. Nf3 e6 3. d4 cxd4 4. Nxd4 Nf6 5. Nc3 d6 6. g4 Nc6 7.
g5 Nd7 8. Be3 Be7 9. h4 O-O 10.
Qe2 a6 11. O-O-O Nxd4 12. Bxd4 b5 13. f4 Qa5 14. Kb1 b4 15. Nd5 exd5 16. exd5 Bd8 17. h5 Bb7 18. Bg2 Bb6 19. Bxg7 Kxg7 20. h6+ Kg8 21.
Qe7 Rae8 22. Qxd7 Bc8 23. Qxd6 Bd8 24. Qc6 Bf5 25. Bh3 Bxh3 26. Rxh3 Qb5 27. Qc8 Qe2 28. Rhd3 Qf2 29. Qf5 Re2 30. Rh3 Rd2 31. Rc1 Re8 32. Qd7 Rde2 33. g6 hxg6 34. h7+ Kh8 35. Qxf7 Re1 0-1

[Event "*** Titled Tuesday Blitz"]
[Site "Chess.com"]
[Date "2018.04.03"]
[Round "9"]
[White "DrZeiss"]
[Black "Vice64"]
[Result "1-0"]
[WhiteElo "2210"]
[BlackElo "2351"]
[TimeControl "180+2"]
[EndTime "14:59:10 PDT"]
[Termination "DrZeiss won by resignation"]

1. e4 c5 2. Nf3 d6 3. d4 cxd4 4. Nxd4 Nf6 5. Nc3 a6 6. f4 e5 7. Nf3 Nc6 8. a4 Be7 9. Bd3 O-O 10. O-O exf4 11. Bxf4 Be6 12. Kh1 Ng4 13. Qe1 Nge5 14.
Qg3 Nxf3 15. gxf3 Kh8 16. Rg1 g6 17. Rad1 Qc7 18. Be2 Ne5 19. Bh6 Rfe8 20. f4 Bc4 21.
fxe5 Bxe2 22. Nxe2 dxe5 23. Nc3 f6 24. Rg2 Qc6 25.
b3 Rad8 26. Rxd8 Rxd8 27. Nd5 b5 28. Nxe7 Qxe4 29. h3 f5 30. Qg5 Rd6 31. Qe3 Qxe3 32. Bxe3 f4 33. Bc5 Rd1+ 34. Rg1 Rd2 35. c3 e4 36. Re1 e3 37. axb5 axb5 38. Bd4+ Rxd4 39.
cxd4 Kg7 40. Kg2 Kf6 41. Nd5+ Kf5 42. Kf3 1-0

[Event "*** Titled Tuesday Blitz"]
[Site "Chess.com"]
[Date "2018.04.03"]
[Round "9"]
[White "murmah2003"]
[Black "GMAkobianSTL"]
[Result "0-1"]
[WhiteElo "2452"]
[BlackElo "2675"]
[TimeControl "180+2"]
[EndTime "14:59:12 PDT"]
[Termination "GMAkobianSTL won by resignation"]

1. d4 Nf6 2. c4 b6 3. Nc3 Bb7 4.
Qc2 e6 5. e4 Bb4 6. Bd3 c5 7.
d5 d6 8. Ne2 Nbd7 9. a3 Bxc3+ 10.
Nxc3 e5 11. O-O O-O 12. Bg5 h6 13. Bh4 Re8 14. f3 Nf8 15. Nd1 Ng6 16. Bf2 Nf4 17. g3 Nh3+ 18. Kg2 Nxf2 19. Rxf2 Bc8 20. Nc3 Bd7 21.
b4 a6 22. bxc5 bxc5 23. Rb1 Qa5 24. Qc1 Reb8 25. Rxb8+ Rxb8 26. Rb2 Rxb2+ 27. Qxb2 g5 28. h3 Kg7 29. Qb3 h5 30. Qb2 Qc7 31. Qd2 Nh7 32.
Nd1 h4 33. gxh4 gxh4 34. f4 f6 35. f5 Ng5 36. Nf2 Be8 37. Be2 Qb8 38. Qc2 Qb6 39.
Bd3 Bh5 40. Be2 Be8 41. Bd3 Qa5 42. Qb2 Qe1 43. Qb7+ Bf7 44. Qxa6 Qe3 45. Qxd6 Qg3+ 46. Kf1 Nxh3 47. Nxh3 Qxd3+ 48. Kg2 Qg3+ 0-1

[Event "*** Titled Tuesday Blitz"]
[Site "Chess.com"]
[Date "2018.04.03"]
[Round "9"]
[White "Mikhail_Golubev"]
[Black "lucasran"]
[Result "1-0"]
[WhiteElo "2330"]
[BlackElo "2387"]
[TimeControl "180+2"]
[EndTime "14:59:15 PDT"]
[Termination "Mikhail_Golubev won by resignation"]

1. e4 c6 2. d4 d5 3. Nc3 dxe4 4.
Nxe4 Bf5 5. Ng3 Bg6 6. Nh3 e6 7. Nf4 Bd6 8. c3 Qc7 9. Qf3 Nd7 10. h4 e5 11. h5 exf4 12. hxg6 fxg6 13. Ne4 Ne7 14. Ng5 Nf8 15. Bc4 Nd5 16. Bxd5 cxd5 17.
Qxd5 h6 18. Kd1 O-O-O 19. Nf7 Nh7 20. Nxh8 Rxh8 21. Kc2 Nf6 22. Qb5 a6 23. Qd3 g5 24.
Bd2 Kb8 25. Rae1 Nd5 26. Kb1 Rf8 27. Re6 f3 28. g3 Qd7 29. Rhe1 Bxg3 30. R6e4 Bxf2 31. Rf1 Bg3 32. Rxf3 Bf4 33. c4 Nf6 34. Bxf4+ gxf4 35. Rexf4 Rc8 36. a3 Ka8 37. d5 Qd6 38. Rd4 Qe5 39. Re3 Qh2 40. Re6 Qg1+ 41. Ka2 Qg4 42.
Rxg4 1-0

[Event "*** Titled Tuesday Blitz"]
[Site "Chess.com"]
[Date "2018.04.03"]
[Round "9"]
[White "Chesscoach_Golichenko"]
[Black "BogdanDeac"]
[Result "0-1"]
[WhiteElo "2494"]
[BlackElo "2692"]
[TimeControl "180+2"]
[EndTime "14:59:17 PDT"]
[Termination "BogdanDeac won by resignation"]

1. d4 d6 2. c4 e5 3. e3 g6 4. Nc3 Bg7 5. Nge2 Nc6 6. d5 Nce7 7. g3 h5 8. h4 f5 9. e4 Nf6 10. Bg2 O-O 11. Bg5 Bd7 12. Qd2 a6 13. O-O-O b5 14. c5 b4 15. Nb1 Nxe4 16. Bxe4 fxe4 17. c6 Bg4 18. Qe3 Rf3 19. Qxe4 Rxf2 20. Rhe1 Qf8 21.
Nd2 Nf5 22. Qd3 Qf7 23. Ne4 Rf3 24. Qd2 Nd4 25. Nxd4 exd4 26. Qxb4 Qxd5 27. Nc3 Rxc3+ 28. bxc3 Bxd1 29. Rxd1 Qxc6 30. Rxd4 Bxd4 31. Qxd4 Rf8 32. Bh6 Rf1+ 33. Kc2 Qg2+ 34. Bd2 Qxg3 35. Qc4+ Rf7 36.
Qxa6 Qxh4 37. Qc8+ Kh7 38. Be3 Qe4+ 39. Kd2 Qd5+ 40.
Ke1 Re7 41. Kf2 Qxa2+ 0-1

[Event "*** Titled Tuesday Blitz"]
[Site "Chess.com"]
[Date "2018.04.03"]
[Round "9"]
[White "ChessQueen"]
[Black "Rodalquilar"]
[Result "0-1"]
[WhiteElo "2640"]
[BlackElo "2500"]
[TimeControl "180+2"]
[EndTime "14:59:17 PDT"]
[Termination "Rodalquilar won by resignation"]

1. e4 e5 2. Bc4 Nf6 3. d4 Nc6 4. Nf3 exd4 5. e5 d5 6. Bb5 Nd7 7. O-O Be7 8. Bf4 O-O 9. Bxc6 bxc6 10. Nxd4 Nb8 11. Qd3 f5 12. Nc3 c5 13. Nf3 d4 14.
Qc4+ Kh8 15. Qd5 c6 16. Qxd8 Rxd8 17. Ne2 h6 18. h4 Na6 19. a3 Nc7 20. Rfe1 a5 21.
Bg3 g5 22. hxg5 hxg5 23. Bh2 Be6 24. Nd2 a4 25. f4 g4 26. Kf2 c4 27. Kg3 Kg7 28.
Kf2 Bc5 29. Kf1 Rh8 30. Bg1 Rh1 31. Ng3 Rxg1+ 32. Kxg1 c3 33. Nde4 fxe4 34. Nxe4 Ba7 35. bxc3 dxc3+ 36. Kh2 Nd5 37. Kg3 Be3 38. Rf1 Rf8 39.
f5 Rxf5 40. Rxf5 Bxf5 41. Nd6 Bf4+ 42. Kh4 Bxc2 43. Rf1 Bd3 44. Ne8+ Kf8 45. g3 Bxf1 0-1

[Event "*** Titled Tuesday Blitz"]
[Site "Chess.com"]
[Date "2018.04.03"]
[Round "9"]
[White "gkchesstiger"]
[Black "lachesisQ"]
[Result "1/2-1/2"]
[WhiteElo "2788"]
[BlackElo "2895"]
[TimeControl "180+2"]
[EndTime "14:59:20 PDT"]
[Termination "Game drawn by repetition"]

1. d4 Nf6 2. Nf3 g6 3. Bf4 Bg7 4. c3 O-O 5. Nbd2 d6 6. h3 b6 7.
e4 Bb7 8. Qc2 c5 9. d5 e6 10.
dxe6 fxe6 11. Bg5 Nbd7 12. e5 Nxe5 13. Nxe5 dxe5 14. O-O-O Qc7 15. f3 Rad8 16. h4 Qf7 17. Bd3 Rd7 18. Bxf6 Bxf6 19. Be4 Ba6 20. Qa4 Be2 21.
Rde1 Bd3 22. Bxd3 Rxd3 23. Ne4 Bg7 24. Kb1 Rd5 25. Qc6 h6 26. a4 Rfd8 27. Qb5 Qc7 28. h5 g5 29. Qc4 Qb7 30. Qb3 a6 31. Rd1 Qc6 32. c4 Rd4 33. Qc2 Rb8 34. Rxd4 exd4 35.
Nxg5 hxg5 36. h6 Be5 37. Qg6+ Kh8 38. Qxg5 Qc7 39. Re1 Bd6 40. Qf6+ Kh7 41. Rxe6 Bf8 42. Qf5+ Kh8 43. Qf6+ Kh7 44. Qf5+ Kh8 45. Qf6+ Kg8 46. Qg6+ Kh8 47. Qf6+ Kh7 48. Qf5+ Kh8 49. Qf6+ Kh7 1/2-1/2

[Event "*** Titled Tuesday Blitz"]
[Site "Chess.com"]
[Date "2018.04.03"]
[Round "9"]
[White "maximlavrov"]
[Black "ZapataCharlesS"]
[Result "1-0"]
[WhiteElo "2437"]
[BlackElo "2659"]
[TimeControl "180+2"]
[EndTime "14:59:21 PDT"]
[Termination "maximlavrov won by resignation"]

1. g3 d5 2. Nf3 c6 3. Bg2 Nf6 4. O-O Bg4 5. c4 Nbd7 6. d3 e6 7. b3 Bd6 8. Bb2 O-O 9. Nbd2 e5 10. h3 Be6 11. Ng5 Qe7 12. Nxe6 fxe6 13. a3 a5 14. e3 Rad8 15. Qe2 h6 16. Rfe1 Qf7 17. Bc3 Ra8 18. b4 Bc7 19. Rec1 Qg6 20. e4 d4 21. Bb2 c5 22. b5 a4 23. Nf3 Nh7 24. Rf1 Rf7 25. Bc1 Raf8 26. Bd2 Bd8 27. Nh2 Bg5 28. Be1 h5 29. h4 Bh6 30. Qd1 Ra8 31. Ra2 b6 32. Kh1 Rff8 33. Bh3 Kh8 34. Rg1 Qf7 35. Qe2 Ndf6 36. Rf1 Ng8 37. Bg2 Ne7 38.
Nf3 Qf6 39. Kg1 Rg8 40. Qd1 Rgf8 41. Kh2 g6 42. Ng1 Qg7 43. Nh3 Ng8 44. f4 exf4 45. gxf4 e5 46. fxe5 Rxf1 47. Bxf1 Qxe5+ 48. Bg3 Qe7 49. Rg2 Ngf6 50. Be2 Rf8 51. Qxa4 Ng4+ 52. Kh1 Ne3 53. Rf2 Nf6 54. Nf4 Kh7 55. Kg1 Qd7 56.
e5 Nfg4 57. e6 Qe7 58. Bxg4 Nxg4 59. Nd5 Qxe6 60. Qa7+ Kh8 61. Rxf8+ Bxf8 62. Qb8 Qf7 63. Qf4 g5 1-0

[Event "*** Titled Tuesday Blitz"]
[Site "Chess.com"]
[Date "2018.04.03"]
[Round "9"]
[White "Parhamov"]
[Black "GMKrikor"]
[Result "0-1"]
[WhiteElo "2786"]
[BlackElo "2664"]
[TimeControl "180+2"]
[EndTime "14:59:22 PDT"]
[Termination "GMKrikor won by checkmate"]

1. e4 e5 2. Qh5 Nc6 3. Bc4 g6 4.
Qd1 Bg7 5. h4 Nf6 6. d3 d5 7.
exd5 Nxd5 8. Bg5 f6 9. Bd2 Be6 10. Nf3 Qd7 11. h5 O-O-O 12. a4 Bg4 13. h6 Bf8 14. Nc3 Nb6 15. Bb5 a6 16. a5 Nd5 17.
Bc4 Nf4 18. Ne4 Be7 19. O-O Kb8 20. Bxf4 exf4 21. Ned2 g5 22. Re1 Bf5 23. Ne4 Rhf8 24. c3 Bg6 25. d4 g4 26. Nh4 g3 27. fxg3 fxg3 28. Nxg3 Bd6 29. Be6 Qe8 30. Qf3 Ne5 31. dxe5 Bc5+ 32. Kh2 Qxe6 33. Nxg6 hxg6 34. exf6 Qxf6 35.
Qf5 gxf5 36. Nh5 Qh4# 0-1

[Event "*** Titled Tuesday Blitz"]
[Site "Chess.com"]
[Date "2018.04.03"]
[Round "9"]
[White "codapbg94"]
[Black "Gattass"]
[Result "1-0"]
[WhiteElo "2085"]
[BlackElo "2194"]
[TimeControl "180+2"]
[EndTime "14:59:26 PDT"]
[Termination "codapbg94 won by resignation"]

1. e4 c5 2. Nf3 Nc6 3. Bb5 Na5 4. c3 c4 5. Qe2 Qc7 6. Na3 a6 7. Bxc4 Nxc4 8. Qxc4 Qb8 9. d3 b5 10. Qb3 e6 11. Nc2 Bb7 12. a4 d5 13. e5 bxa4 14.
Qxa4+ Kd8 15. Be3 Qc7 16. Qb3 Kc8 17. Bb6 Qd7 18. O-O Ne7 19. d4 Nc6 20. Nb4 Be7 21. Nxc6 Bxc6 22. Qa2 Qb7 23. Qa5 g5 24. Bc5 Bb5 25.
Bxe7 Bxf1 26. Bf6 g4 27. Bxh8 gxf3 28. Rxf1 Kd7 29. Qa4+ Kc7 30. Bf6 Rg8 31. g3 Qxb2 32. Qxa6 Rb8 33. Qd6+ Kb7 34. Qb4+ Qxb4 35. cxb4 Kc6 36.
Be7 Kb5 37. Bc5 Ra8 38. h3 Ra2 39. g4 Re2 40. Kh2 Rd2 41. Kg3 Rd3 42. Re1 Kc4 43.
Re3 Rd1 44. Rxf3 Kb5 45. Rxf7 1-0

[Event "*** Titled Tuesday Blitz"]
[Site "Chess.com"]
[Date "2018.04.03"]
[Round "9"]
[White "Konavets"]
[Black "AkshatChandra"]
[Result "1/2-1/2"]
[WhiteElo "2780"]
[BlackElo "2820"]
[TimeControl "180+2"]
[EndTime "14:59:27 PDT"]
[Termination "Game drawn by agreement"]

1. d4 Nf6 2. Bf4 d5 3. e3 e6 4. Nf3 c5 5. c3 Nc6 6. Nbd2 Bd6 7. Bg3 O-O 8. Bb5 Ne7 9. Bd3 c4 10. Bb1 b5 11. Qc2 Bb7 12. Bxd6 Qxd6 13. Ne5 Rfc8 14.
O-O g6 15. Qd1 Kg7 16. Qf3 Rf8 17. a4 a6 18. axb5 axb5 19. Rxa8 Rxa8 20. e4 dxe4 21. Bxe4 Bd5 22. g4 Rf8 23. g5 Nxe4 24. Nxe4 Bxe4 25. Qxe4 Qd5 26. Qxd5 Nxd5 27. Ra1 h6 28. h4 hxg5 29. hxg5 b4 30. cxb4 Nxb4 31. Ra7 Nd3 32.
Nxc4 Rd8 33. Ne5 Nxe5 34. dxe5 Rd5 35. Ra3 Rxe5 36. Rg3 Re1+ 37. Kg2 Rb1 38. b3 Kf8 39. Re3 Ke7 40. f4 Kd6 41. Rd3+ Ke7 42. Kf3 f6 43. gxf6+ Kxf6 44. Ke4 Re1+ 45. Re3 Rb1 46. Rd3 1/2-1/2

[Event "*** Titled Tuesday Blitz"]
[Site "Chess.com"]
[Date "2018.04.03"]
[Round "9"]
[White "Man-Chuk"]
[Black "Yaacovn"]
[Result "1-0"]
[WhiteElo "2680"]
[BlackElo "2635"]
[TimeControl "180+2"]
[EndTime "14:59:35 PDT"]
[Termination "Man-Chuk won by resignation"]

1. e4 c6 2. d4 d5 3. e5 Bf5 4. Be2 e6 5. Nf3 Ne7 6. O-O Bg6 7. b3 Nf5 8. c4 Nh4 9. Nc3 Bb4 10. Bb2 Nxf3+ 11. Bxf3 O-O 12. a3 Be7 13. Be2 Nd7 14. f4 f6 15. Bg4 f5 16. Bf3 Be8 17. Qd3 dxc4 18. bxc4 Qa5 19. c5 Rd8 20. Qc4 Bf7 21.
a4 b6 22. Bxc6 bxc5 23. d5 Nb6 24. Qb5 Qb4 25. d6 Bh4 26. g3 Nc4 27. Qxb4 cxb4 28.
Nd1 Bh5 29. Rc1 Bxd1 30. Rxc4 Be2 31. Rfc1 Bxc4 32. Rxc4 Bf6 33. exf6 Rxd6 34. fxg7 Rc8 35. Bd5 Rxc4 36. Bxc4 Rd1+ 37. Bf1 b3 38. Be5 Rb1 39. Kf2 b2 40. Bc4 Rf1+ 41. Kg2 Rg1+ 42. Kh3 Kf7 43.
Bxe6+ Kxe6 44. g8=Q+ 1-0

[Event "*** Titled Tuesday Blitz"]
[Site "Chess.com"]
[Date "2018.04.03"]
[Round "9"]
[White "Abrito99"]
[Black "denizozen"]
[Result "0-1"]
[WhiteElo "2457"]
[BlackElo "2643"]
[TimeControl "180+2"]
[EndTime "14:59:38 PDT"]
[Termination "denizozen won on time"]

1. e4 e6 2. Nc3 d5 3. Nf3 Nf6 4. e5 Nfd7 5. d4 c5 6. dxc5 Nc6 7. Bf4 Bxc5 8. Bd3 Be7 9. h4 Nc5 10. h5 h6 11. Rh3 Nxd3+ 12. cxd3 O-O 13. Rg3 Kh7 14. Kf1 Bb4 15. d4 Ne7 16. Qd3+ Nf5 17.
Ne2 b6 18. Rh3 Kh8 19. g4 Ne7 20. g5 a5 21. gxh6 Ba6 22. hxg7+ Kxg7 23. Qd1 Nf5 24. Kg2 Kh8 25. Ng3 Rg8 26. Kh2 Nxg3 27. fxg3 Rc8 28. a3 Be7 29. Qd2 Qc7 30. Bg5 Bxg5 31. Nxg5 Qc2 32.
Nxf7+ Kg7 33. h6+ Kxf7 34. Qxc2 Rxc2+ 35. Kg1 Kg6 36. Re1 Rh8 37. Re3 Rxh6 38. Rxh6+ Kxh6 39. Rb3 b5 40. Rf3 Bc8 41. Rf8 b4 42. axb4 axb4 43.
b3 Kg7 44. Rd8 Rc3 45. Kh2 Kf7 46. Rd6 Rxb3 47. Kh3 Rc3 48. Rb6 b3 49. Kg4 Bd7 50. Rb7 Ke8 51. Kf4 Rd3 52. g4 Rxd4+ 53. Kg5 Re4 54. Kf6 Kd8 55. g5 Rf4+ 56. Kg7 Rf5 57. g6 Be8 58. Rb8+ Kd7 59. Rb7+ Kc8 60. Rb6 Rg5 61. Rxe6 Rxg6+ 62. Kf8 Rxe6 0-1

[Event "*** Titled Tuesday Blitz"]
[Site "Chess.com"]
[Date "2018.04.03"]
[Round "9"]
[White "kasparik_garik"]
[Black "Al_Shima"]
[Result "1-0"]
[WhiteElo "2514"]
[BlackElo "2297"]
[TimeControl "180+2"]
[EndTime "14:59:38 PDT"]
[Termination "kasparik_garik won by resignation"]

1. Nf3 Nf6 2. g3 g6 3. Bg2 Bg7 4. O-O O-O 5. c4 c6 6. d3 d5 7. cxd5 cxd5 8. Bf4 Nc6 9. Nc3 Re8 10. Ne5 Nxe5 11. Bxe5 e6 12. Qb3 b6 13. e4 Bb7 14.
Bxf6 Qxf6 15. exd5 exd5 16. Bxd5 Bxd5 17. Qxd5 Rad8 18.
Qc4 Rd4 19. Qa6 h5 20. Rae1 Red8 21. Qxa7 h4 22. Qe7 Qc6 23. Ne4 h3 24. Rc1 Qa8 25. Rc7 Qxa2 26. Ng5 Qd5 27. Nxh3 Rxd3 28. Nf4 Qf5 29.
Nxd3 Rxd3 30. b4 Bf8 31. Qe8 Qe6 32. Qxe6 fxe6 33. Rc6 Bxb4 34. Rxb6 Bd6 35. Rc1 Kf7 36. Rcc6 Bf8 37. Kg2 Rd2 38. Rxe6 Bc5 39. Rf6+ Ke7 40. Rbe6+ Kd7 41. Re4 g5 42. h4 gxh4 43. Rxh4 Be7 44.
Rh7 Ke8 45. Re6 1-0

[Event "*** Titled Tuesday Blitz"]
[Site "Chess.com"]
[Date "2018.04.03"]
[Round "9"]
[White "ajkom197"]
[Black "Entilza"]
[Result "0-1"]
[WhiteElo "2380"]
[BlackElo "2192"]
[TimeControl "180+2"]
[EndTime "14:59:42 PDT"]
[Termination "Entilza won by resignation"]

1. d4 d5 2. Bf4 Nf6 3. e3 g6 4. c4 Bg7 5. Nc3 c6 6. Nf3 O-O 7. cxd5 Nxd5 8. Be5 f6 9. Bg3 Nxc3 10. bxc3 b6 11. Bc4+ Kh8 12. O-O Ba6 13. Bxa6 Nxa6 14. Qd3 Nc7 15. Bxc7 Qxc7 16. e4 c5 17. Rfd1 cxd4 18.
cxd4 Rac8 19. h3 Rfd8 20. d5 Qc2 21. Qxc2 Rxc2 22. Nd4 Rc4 23. Nc6 Rd7 24. f3 h5 25.
Rac1 Rxc1 26. Rxc1 Bh6 27. Rc2 Be3+ 28. Kf1 Bc5 29.
Ke2 Kg7 30. Kd3 f5 31. Kc4 a6 32. a4 Be3 33. Nb4 Rc7+ 34. Kd3 Rxc2 35. Kxc2 a5 36. Nc6 Bc5 37. Kd3 Kf6 38. e5+ Kg5 39. Nd4 Kf4 40.
d6 exd6 41. e6 d5 42. Nc6 Kg3 43. e7 Bxe7 44. Nxe7 Kxg2 45. Nxd5 Kxf3 46. Nxb6 g5 47. Nc4 h4 48. Nxa5 g4 49. Nc4 gxh3 50. Ne5+ Kf2 51.
a5 h2 52. a6 h1=Q 53. Ng4+ fxg4 54. a7 Qa8 55. Kc4 Qxa7 56. Kd5 g3 57. Ke6 g2 58.
Ke5 Qa4 59. Kf6 Qb5 60. Ke7 Qc6 61. Kf8 Qd7 62. Kg8 Qe7 63. Kh8 h3 64. Kg8 Kg1 65. Kh8 Kh2 0-1